 Dungeon Crawl Stone Soup version 0.30-a0-779-g7971cf19c3 (webtiles) character file.

Game seed: 11419316892142590041

84 DskReedErrur the Conjurer (level 4, 0/33 HPs)
             Began as a Demonspawn Reaver on Feb 17, 2023.
             Was an Initiate of Hepliaklqana.
             Slain by a river rat (4 damage)
             ... on level 3 of the Dungeon.
             The game lasted 00:27:59 (2021 turns).

DskReedErrur the Conjurer (Demonspawn Reaver)       Turns: 2021, Time: 00:28:00

Health: 0/33       AC:  5    Str: 12    XL:     4   Next: 24%
Magic:  7/7        EV: 11    Int: 17    God:    Hepliaklqana [......]
Gold:   1320       SH:  0    Dex: 11    Spells: 1/7 levels left

rFire   . . .      SeeInvis .    a - +0 hand axe
rCold   . . .      Faith    .    (no shield)
rNeg    . . .      Spirit   .    b - +0 leather armour
rPois   .          Reflect  .    (no helmet)
rElec   .          Harm     .    k - +0 cloak
rCorr   .          Rampage  .    f - +0 pair of gloves
Will    .....                    (no boots)
Stlth   +                        (no amulet)
HPRegen 0.25/turn                (no ring)
MPRegen 0.20/turn                (no ring)

@: mighty, very slow
A: claws 1, magic regeneration
a: Renounce Religion


You were on level 3 of the Dungeon.
You worshipped Hepliaklqana.
Hepliaklqana was noncommittal.
You visited 1 branch of the dungeon, and saw 3 of its levels.

You collected 1320 gold pieces.

Inventory:

Hand Weapons
 a - a +0 hand axe (weapon)
Missiles
 l - 10 boomerangs (quivered)
Armour
 b - a +0 leather armour (worn)
 f - a +0 pair of gloves (worn)
 k - a +0 cloak (worn)
Magical Staves
 r - a staff of poison
Wands
 p - a wand of charming (3)
Scrolls
 e - a scroll of immolation
 h - a scroll of teleportation
 i - a scroll of enchant weapon {unknown}
 j - a scroll of fog {unknown}
 m - 2 scrolls of enchant armour {unknown}
 n - a scroll of summoning {unknown}
 q - a scroll of vulnerability {unknown}
Potions
 c - a potion of might
 d - a potion of degeneration {unknown}
 g - a potion of lignification
 o - a potion of haste {unknown}


   Skills:
 + Level 2.1 Fighting
 - Level 2.6 Axes
 - Level 0.6 Throwing
 - Level 1.7 Dodging
 * Level 2.2 Spellcasting
 * Level 4.0 Conjurations
 - Level 1.3 Translocations
 + Level 1.1 Ice Magic


You had one spell level left.
You knew the following spells:

 Your Spells              Type           Power      Damage    Failure   Level
a - Kiss of Death         Conj/Necr      32%        2d7       11%         1
b - Momentum Strike       Conj/Tloc      22%        3d8       12%         2
c - Hailstorm             Conj/Ice       10%        3d5       24%         3

Your spell library contained the following spells:

 Spells                   Type           Power      Damage    Failure   Level


Dungeon Overview and Level Annotations

Branches:
Dungeon (3/15)

Altars:
Gozag
Hepliaklqana
Vehumet

Shops:
D:3 [

Portals:
Sewer: D:3


Innate Abilities, Weirdness & Mutations

You have sharp fingernails.
You regenerate magic rapidly.


Message History

The river rat is heavily wounded.
You hit the rat but do no damage. You hit the river rat but do no damage.
You closely miss the rat.
You hit the giant cockroach but do no damage.
The giant cockroach bites you but does no damage.
The river rat bites you! The rat barely misses you.
The river rat barely misses you. The rat misses you.
The giant cockroach bites you but does no damage.
You hit the river rat but do no damage.
The river rat is heavily wounded.
You closely miss the rat. You hit the giant cockroach.
You closely miss the rat. You hit the river rat.
The river rat bites you but does no damage.
The rat closely misses you. x2; The river rat barely misses you.
The giant cockroach bites you. The rat misses you.
The river rat bites you but does no damage.
The river rat bites you. The rat bites you but does no damage.
The rat attacks as you move away! The rat bites you but does no damage.
The rat attacks as you move away! The rat misses you.
You enter the shallow water.
Moving in this stuff is going to be slow.
The giant cockroach bites you but does no damage. x2
The river rat barely misses you. The river rat attacks as you move away!
The river rat barely misses you.
The giant cockroach attacks as you move away!
The giant cockroach closely misses you. The rat attacks as you move away!
The rat splashes around in the water.
The river rat attacks as you move away! The river rat bites you.
As you open the door, it creaks loudly!
A giant cockroach and a river rat come into view.
The river rat bites you.
* * * LOW HITPOINT WARNING * * *
The giant cockroach barely misses you.
Found a glowing drain.
You feel very mighty all of a sudden.
The giant cockroach splashes around in the water.
The river rat bites you.
* * * LOW HITPOINT WARNING * * *
The river rat bites you.
You die...

###.##
#..## ##..#
####..#
#.....#####
#...†.....#
#.......~~#
#....~~rrr#
#...~~~B@r#
#...~~##'##
#....~+~Br
##.~~~#~∩~#
#.~~~#~~~#
##########


You could see 3 river rats, 2 giant cockroaches and 2 rats.

Vanquished Creatures
  An orc wizard (D:3)
  An adder (D:2)
  2 worms
  2 orcs (D:3)
  4 endoplasms (D:2)
  A giant cockroach (D:2)
  2 goblins
  4 hobgoblins
  5 jackals (D:1)
  3 quokkas
  3 ball pythons
  2 bats
  A frilled lizard (D:1)
  4 kobolds
  5 rats
40 creatures vanquished.

Notes
Turn   | Place    | Note
-------+----------+-------------------------------------------
     0 | D:1      | DskReedErrur the Demonspawn Reaver began the quest for the
                  | Orb.
     0 | D:1      | Reached XP level 1. HP: 16/16 MP: 3/3
   180 | D:1      | Reached skill level 1 in Translocations
   180 | D:1      | Gained mutation: You have sharp fingernails. [demonic
                  | ancestry]
   180 | D:1      | Reached XP level 2. HP: 18/22 MP: 5/5
   973 | D:1      | Identified a scroll of acquirement
   973 | D:1      | Acquired 1224 gold pieces
   978 | D:1      | Learned a level 2 spell: Momentum Strike
  1203 | D:2      | Gained mutation: You regenerate magic rapidly. [demonic
                  | ancestry]
  1203 | D:2      | Reached XP level 3. HP: 23/24 MP: 4/6
  1301 | D:2      | Learned a level 3 spell: Hailstorm
  1666 | D:2      | You fall into a shaft and drop 1 floor!
  1676 | D:3      | Found Luibb's Armour Boutique.
  1707 | D:3      | Reached skill level 1 in Ice Magic
  1739 | D:3      | Reached skill level 4 in Conjurations
  1739 | D:3      | Reached XP level 4. HP: 9/33 MP: 7/7
  1858 | D:3      | Found a hazy altar of Hepliaklqana.
  1865 | D:3      | Became a worshipper of Hepliaklqana the Forgotten
  1892 | D:3      | Found an opulent altar of Gozag.
  1918 | D:3      | Found a radiant altar of Vehumet.
  2020 | D:3      | Found a glowing drain.
  2021 | D:3      | Slain by a river rat

Illustrated notes

Levels and vault maps discovered:
D:1:      minmay_arrival_five_plusses, layout_basic,
          nicolae_concentric_dashed_squares_wild, st_stairs_3
D:2:      layout_loops_ring
D:3:      layout_rooms, grunt_temple_overflow_gold_and_silver,
          old_standard_altar, lemuel_round_altar, portal_sewer_entry_e,
          serial_shops, shop, guppyfry_early_orc_mine, uniq_jessica

Skill      XL: |  1  2  3 |
---------------+----------+-----
Translocations | 1 |  1.3
Ice Magic      | 1 |  1.1
Conjurations   | 4 |  4.0
Fighting       | |  2.1
Axes           | |  2.6
Throwing       | |  0.6
Dodging        | |  1.7
Spellcasting   | |  2.2

Action                     |  1- 3 |  4- 6 || total
---------------------------+-------+-------++-------
  Melee: Hand axe          |   134 |     9 ||   143
         Punch             |     1 |       ||     1
  Throw: Boomerang         |     7 |     6 ||    13
   Cast: Kiss of Death     |     1 |       ||     1
         Momentum Strike   |     2 |     3 ||     5
    Use: Scroll            |     5 |       ||     5
         Potion            |     1 |     1 ||     2
 Armour: Leather armour    |    50 |    12 ||    62
         Skin              |     8 |       ||     8
  Dodge: Dodged            |    72 |    18 ||    90

Table legend: (Time is in decaauts)
 A = Elapsed time spent in this place.
 B = Non-inter-level travel time spent in this place.
 C = Inter-level travel time spent in this place.
 D = Time resting spent in this place.
 E = Time spent auto-exploring this place.
 F = Levels seen in this place.
 G = Mean time per level.
                   A        B        C        D        E       F      G
               +--------+--------+--------+--------+--------+-----+--------+
         Total |   2046 |   1997 |     49 |    167 |   1238 |   3 |  682.0 |
       Dungeon |   2046 |   1997 |     49 |    167 |   1238 |   3 |  682.0 |
               +--------+--------+--------+--------+--------+-----+--------+

Top non-repeatable levels by time:
     D:1: 1012 daAuts
     D:2: 668 daAuts
     D:3: 365 daAuts
